 Dungeon Crawl Stone Soup version 0.30-a0-575-g6f4a10e2d2 (webtiles) character file.

Game seed: 6226864482897676620

2316 Errthou the Cleaver (level 9, -2/63 (70) HPs)
             Began as a Minotaur Berserker on Dec 30, 2022.
             Was a Priest of Trog.
             Slain by a wight
             ... wielding a +3 battleaxe of freezing
              (15 damage)
             ... on level 7 of the Dungeon.
             The game lasted 00:21:22 (5380 turns).

Errthou the Cleaver (Minotaur Berserker)            Turns: 5380, Time: 00:21:23

HP:   -2/63 (70)    AC: 12    Str: 32    XL:     9   Next: 18%
MP:   8/8           EV: 11    Int:  4    God:    Trog [***...]
Gold: 345           SH:  0    Dex:  9    Spells: 8/8 levels left

rFire   . . .      SeeInvis .    E - +4 war axe (freeze)
rCold   . . .      Faith    .    (no shield)
rNeg    . . .      Spirit   .    q - +4 leather armour of Kekhluer {Will+ Regen+ Str+5}
rPois   .          Reflect  .    (helmet restricted)
rElec   .          Harm     .    (no cloak)
rCorr   .          Rampage  .    r - +0 pair of gloves
Will    +++..                    (no boots)
Stlth   +                        (no amulet)
HPRegen 2.10/turn                o - +4 ring of protection
MPRegen 0.11/turn                (no ring)

@: strong-willed, regenerating, heavily drained
A: horns 2, retaliatory headbutt
a: Renounce Religion, Berserk, Trog's Hand


You were on level 7 of the Dungeon.
You worshipped Trog.
Trog was most pleased with you.
You visited 2 branches of the dungeon, and saw 8 of its levels.

You collected 345 gold pieces.

Inventory:

Hand Weapons
 a - a +4 mace of freezing
 E - a +4 war axe of freezing (weapon)
Missiles
 k - 2 throwing nets (quivered)
Armour
 q - the +4 leather armour of Kekhluer (worn) {Will+ Regen+ Str+5}
   (You found it on level 4 of the Dungeon)

   Str:       It affects your strength (+5).
   Regen:     It increases your rate of health regeneration.
   Will:      It increases your willpower.
 r - a +0 pair of gloves (worn)
Jewellery
 o - a +4 ring of protection (left hand)
Wands
 x - a wand of iceblast (5)
Scrolls
 c - 2 scrolls of noise
 d - 2 scrolls of blinking
 e - 2 scrolls of vulnerability {unknown}
 f - a scroll of enchant weapon {unknown}
 i - 2 scrolls of poison {unknown}
 j - 2 scrolls of amnesia {unknown}
 m - 2 scrolls of magic mapping {unknown}
 n - a scroll of silence {unknown}
 p - a scroll of fog {unknown}
 v - a scroll of immolation {unknown}
 D - a scroll of identify
Potions
 b - 3 potions of haste {unknown}
 g - 2 potions of degeneration
 h - 2 potions of mutation
 l - 3 potions of attraction {unknown}
 s - a potion of magic {unknown}
 t - a potion of flight {unknown}
 u - a potion of brilliance {unknown}
 w - 4 potions of lignification {unknown}
 z - 2 potions of invisibility {unknown}
 A - a potion of heal wounds {unknown}
 B - a potion of resistance {unknown}
 C - a potion of cancellation {unknown}


   Skills:
 - Level 3.6 Fighting
 + Level 14.8 Axes
 - Level 2.4 Armour
 - Level 2.1 Dodging


You had 8 spell levels left.
You didn't know any spells.
Your spell library was empty.

Dungeon Overview and Level Annotations

Branches:
Dungeon (7/15)             Temple (1/1) D:5

Altars:
Ashenzari
Cheibriados
Fedhas
Gozag
Hepliaklqana
Kikubaaqudgha
Nemelex Xobeh
Okawaru
Sif Muna
Trog
Vehumet
Xom
Yredelemnul
Zin
The Shining One

Annotations:
D:7 3 runed translucent doors, M4edhros's ghost, novice OpFi


Innate Abilities, Weirdness & Mutations

You have a pair of horns on your head.
You reflexively headbutt those who attack you in melee.


Message History

HP restored.
Things that are here:
a +0 short sword; a +0 robe
Things that are here:
a +0 hand axe; a +2 long sword of flaming; a +0 robe You see here a +0 robe.
Found a leather armour.
Found a glowing golden altar of the Shining One.
There is an open door here.
l - 3 white potions (gained 1) As you open the door, it creaks loudly!
A wight comes into view. It is wielding a +4 mace of freezing.
You barely miss the wight.
The wight hits you with a +4 mace of freezing.
The wight freezes you.
You slice the wight!! You freeze the wight.
You destroy the wight!
Trog accepts your kill.
Your life force feels restored.
A wight comes into view.
It is wielding a +3 battleaxe of freezing.
There is an open door here.
Things that are here:
a +4 mace of freezing; a +0 robe
a - a +4 mace of freezing The wight hits you with a +3 battleaxe of freezing!
You feel drained. The wight freezes you.
You barely miss the wight. Your headbutt misses the wight.
The wight hits you with a +3 battleaxe of freezing.
You feel drained. The wight freezes you.
You hit the wight. You headbutt the wight!
The wight is almost destroyed.
The wight hits you with a +3 battleaxe of freezing!
You feel drained.
* * * LOW HITPOINT WARNING * * *
The wight freezes you.
* * * LOW HITPOINT WARNING * * *
Your skin crawls.
You feel strong-willed.
The wight hits you with a +3 battleaxe of freezing!
You die...

.......# # #.........
.......... #.........
.......###..####'####...
#.'.......'...
#.#.#...#.#... #.#._.# #
#.#...#.#.# +.......'.#
####@####.# #.z....#
########


You could see a wight.

Vanquished Creatures
  A steam dragon (D:7)
  Menkaure (D:6)
  Edmund (D:5)
  Duvessa (D:6)
  A water moccasin (D:5)
  An orc warrior (D:6)
  2 black bears
  2 ogres
  Blork the orc (D:6)
  A kobold brigand (D:7)
  A necrophage (D:6)
  2 bullfrogs (D:6)
  3 scorpions
  4 wights (D:7)
  Dowan (D:6)
  5 howler monkeys
  A crimson imp (D:6)
  A hound (D:5)
  4 iguanas
  2 orc wizards
  Robin (D:2)
  6 adders
  3 gnolls (D:7)
  A white imp (D:6)
  An ufetubus (D:6)
  A worm (D:6)
  A dart slug (D:3)
  5 orcs
  4 ball pythons
  3 bats
  4 endoplasms
  4 giant cockroaches
  12 goblins
  3 hobgoblins (D:2)
  14 kobolds
  3 quokkas
  3 frilled lizards
  8 rats
113 creatures vanquished.

Notes
Turn   | Place    | Note
-------+----------+-------------------------------------------
     0 | D:1      | Errthou the Minotaur Berserker began the quest for the Orb.
     0 | D:1      | Reached XP level 1. HP: 19/19 MP: 0/0
    54 | D:1      | Reached skill level 4 in Axes
   108 | D:1      | Reached XP level 2. HP: 23/26 MP: 1/1
   734 | D:2      | Reached skill level 5 in Axes
   734 | D:2      | Reached XP level 3. HP: 31/31 MP: 2/2
   807 | D:2      | Noticed Robin
   817 | D:2      | Reached ** piety under Trog
   821 | D:2      | Killed Robin
  1539 | D:3      | Reached skill level 6 in Axes
  1539 | D:3      | Reached XP level 4. HP: 25/39 MP: 3/3
  1680 | D:3      | Found an iron altar of Okawaru.
  2080 | D:4      | Found an opulent altar of Gozag.
  2134 | D:4      | Identified the +4 leather armour of Kekhluer {Will+ Regen+
                  | Str+5}
  2441 | D:4      | Noticed an ogre
  2447 | D:4      | Killed an ogre
  2448 | D:4      | Reached skill level 7 in Axes
  2448 | D:4      | Reached XP level 5. HP: 45/45 MP: 4/4
  2849 | D:4      | Found a sparkling altar of Nemelex Xobeh.
  2990 | D:5      | Entered Level 5 of the Dungeon
  3041 | D:5      | Reached skill level 8 in Axes
  3041 | D:5      | Reached XP level 6. HP: 51/51 MP: 5/5
  3054 | D:5      | Found an ancient bone altar of Kikubaaqudgha.
  3070 | D:5      | Noticed Edmund
  3086 | D:5      | Killed Edmund
  3087 | D:5      | Reached skill level 9 in Axes
  3150 | D:5      | Found a staircase to the Ecumenical Temple.
  3320 | D:5      | Found a glowing silver altar of Zin.
  3374 | D:5      | Reached XP level 7. HP: 54/57 MP: 6/6
  3410 | D:5      | Reached skill level 10 in Axes
  3518 | D:5      | Found a shimmering altar of Xom.
  3519 | D:5      | Found a hazy altar of Hepliaklqana.
  3520 | D:5      | Noticed a spectral ugly thing
  3737 | Temple   | Entered the Ecumenical Temple
  3938 | D:6      | Noticed Dowan
  3941 | D:6      | Noticed Duvessa
  3952 | D:6      | Reached skill level 11 in Axes
  3952 | D:6      | Killed Duvessa
  3955 | D:6      | Killed Dowan
  3985 | D:6      | Reached XP level 8. HP: 64/64 MP: 7/7
  3996 | D:6      | Noticed Menkaure
  4000 | D:6      | Noticed Blork the orc
  4004 | D:6      | Killed Menkaure
  4005 | D:6      | Reached skill level 12 in Axes
  4008 | D:6      | Killed Blork the orc
  4124 | D:6      | Found a snail-covered altar of Cheibriados.
  4607 | D:6      | Reached skill level 13 in Axes
  4899 | D:7      | Noticed M4edhros's ghost (novice OpFi)
  4916 | D:7      | Reached skill level 14 in Axes
  4927 | D:7      | Noticed a hornet
  4959 | D:6      | Reached XP level 9. HP: 70/70 MP: 8/8
  5223 | D:7      | Found a runed translucent gate.
  5223 | D:7      | Found a runed translucent gate.
  5223 | D:7      | Found a runed translucent gate.
  5237 | D:7      | Reached *** piety under Trog
  5358 | D:7      | Found a glowing golden altar of the Shining One.
  5380 | D:7      | Slain by a wight

Illustrated notes

Levels and vault maps discovered:
D:1:      dpeg_arrival_ternary, layout_loops_ring
D:2:      layout_rooms, grunt_ministairs_1, uniq_robin
D:3:      layout_basic, okawaru_gym_becter, minmay_misc_feat_cross
D:4:      layout_basic, mainiacjoe_overflow_concentric_impassable,
          mainiacjoe_overflow_boulevard, supply_closet_lemuel, dk_noncrumbling_2
D:5:      layout_basic, regret_index_temple_of_mockery, lemuel_tele_altar,
          nicolae_kikubaaqudgha_miasma_corner, minmay_temple_entry_purple_smoke,
          uniq_edmund
D:6:      layout_basic, slow_altar_1, minmay_fire_ice_demons, uniq_menkaure,
          uniq_duvessa, uniq_blork_the_orc
D:7:      layout_basic, mainiacjoe_overflow_six_doors_small,
          nicolae_overflow_hidden_temple, old_standard_altar,
          gammafunk_ghost_split, minivault_25, uniq_maggie
Temple:   nicolae_temple_bog_church

Skill      XL: |  1  2  3  4  5  6  7  8 |
---------------+-------------------------+-----
Axes           | 4 5 6 7 8 9 11 14 | 14.8
Fighting       | |  3.6
Armour         | |  2.4
Dodging        | |  2.1

Action                   |  1- 3 |  4- 6 |  7- 9 || total
-------------------------+-------+-------+-------++-------
Melee: Hand axe          |    82 |    85 |   121 ||   288
       Punch             |     1 |       |       ||     1
       Headbutt          |     3 |    11 |    33 ||    47
       War axe           |       |       |     4 ||     4
Throw: Throwing net      |       |     1 |       ||     1
Invok: Berserk           |     1 |     2 |     4 ||     7
       Trog's Hand       |       |     1 |     3 ||     4
Evoke: Wand              |       |       |     2 ||     2
  Use: Scroll            |       |     4 |       ||     4
 Stab: Sleeping          |     1 |       |       ||     1
Armor: Animal skin       |    16 |     3 |       ||    19
       Leather armour    |       |    27 |    54 ||    81
Dodge: Dodged            |    51 |    36 |    38 ||   125

Table legend: (Time is in decaauts)
 A = Elapsed time spent in this place.
 B = Non-inter-level travel time spent in this place.
 C = Inter-level travel time spent in this place.
 D = Time resting spent in this place.
 E = Time spent auto-exploring this place.
 F = Levels seen in this place.
 G = Mean time per level.
                   A        B        C        D        E       F      G
               +--------+--------+--------+--------+--------+-----+--------+
         Total |   5424 |   5079 |    345 |    737 |   3501 |   8 |  678.0 |
       Dungeon |   5258 |   4937 |    321 |    737 |   3367 |   7 |  751.1 |
        Temple |    165 |    142 |     23 |      0 |    134 |   1 |  165.0 |
               +--------+--------+--------+--------+--------+-----+--------+

Top non-repeatable levels by time:
     D:6: 1217 daAuts
     D:4: 989 daAuts
     D:5: 787 daAuts
     D:3: 767 daAuts
     D:1: 682 daAuts
     D:2: 576 daAuts
     D:7: 239 daAuts
  Temple: 165 daAuts
